 Dungeon Crawl Stone Soup version 0.27-a0-972-gd1521fd518 (webtiles) character file.

Game seed: 16535958404763267519

2905 leviel the Fighter (level 9, -6/84 HPs)
             Began as a Minotaur Fighter on Apr 13, 2021.
             Was a Follower of Okawaru.
             Mangled by a troll (8 damage)
             ... on level 7 of the Dungeon.
             The game lasted 00:12:17 (8079 turns).

leviel the Fighter (Minotaur Fighter)               Turns: 8079, Time: 00:12:17

Health: -6/84      AC:  8    Str: 23    XL:     9   Next: 49%
Magic:  0/0        EV: 11    Int:  8    God:    Okawaru [*.....]
Gold:   1256       SH: 12    Dex: 17    Spells: 8/8 levels left

rFire    . . .     SeeInvis +   a - +1 war axe
rCold    + + .     Faith    .   c - +1 kite shield
rNeg     . . .     Spirit   .   b - +0 scale mail
rPois    .         Reflect  .   (helmet restricted)
rElec    .         Harm     .   (no cloak)
rCorr    .         Rampage  .   (no gloves)
Will     .....                  (no boots)
Stlth    ..........             (no amulet)
HPRegen  0.24/turn              f - ring of protection from cold
MPRegen  0.07/turn              g - ring of the Saviour {rC+ MP-9 Int+3 Dex+6 SInv}

@: no status effects
A: horns 2, retaliatory headbutt
a: Renounce Religion, Heroism


You were on level 7 of the Dungeon.
You worshipped Okawaru.
Okawaru was aware of your devotion.
You visited 2 branches of the dungeon, and saw 8 of its levels.

You collected 1256 gold pieces.

Inventory:

Hand Weapons
 a - a +1 war axe (weapon)
 k - the +2 whip "Egguism" {vorpal, *Noise Fly Dex+10}
   (You found it on level 5 of the Dungeon)

   It inflicts extra damage upon your enemies.
   It affects your dexterity (+10).
   It grants you flight.
   It may make noises in combat.
Missiles
 l - 7 atropa-tipped darts
 n - 35 poisoned darts (quivered)
 o - a throwing net
Armour
 b - a +0 scale mail (worn)
 c - a +1 kite shield (worn)
Jewellery
 e - a ring of ice
 f - a ring of protection from cold (left hand)
 g - the ring of the Saviour (right hand) {rC+ MP-9 Int+3 Dex+6 SInv}
   (You found it on level 4 of the Dungeon)

   [ring of see invisible]

   It affects your intelligence (+3).
   It affects your dexterity (+6).
   It protects you from cold.
   It affects your magic capacity (-9).
   It lets you see invisible.
 m - a ring of magical power
Wands
 j - a wand of flame (13)
Scrolls
 d - 2 scrolls of identify
 r - a scroll of enchant armour
 s - a scroll of teleportation {unknown}
 u - a scroll of fear {unknown}
Potions
 h - 2 potions of brilliance
 p - a potion of flight
 q - 2 potions of mutation
 t - a potion of ambrosia {unknown}


   Skills:
 * Level 9.5 Fighting
 + Level 6.8 Axes
 - Level 1.4 Throwing
 + Level 7.5 Armour
 + Level 5.2 Dodging
 + Level 7.2 Shields
 + Level 1.7 Evocations


You had 8 spell levels left.
You didn't know any spells.
Your spell library contained the following spells:

 Spells                   Type           Power      Damage    Failure   Level
 Animate Skeleton         Necr           0%         N/A       95%         1
 Apportation              Tloc           0%         N/A       95%         1
 Beastly Appendage        Tmut           0%         N/A       95%         1
 Corona                   Hex            0%         N/A       95%         1
 Summon Small Mammal      Summ           0%         N/A       95%         1
 Wereblood                Tmut           0%         N/A       99%         2
 Confusing Touch          Hex            0%         N/A       100%        3
 Gell's Gravitas          Tloc           0%         N/A       100%        3
 Spider Form              Tmut/Pois      0%         N/A       100%        3
 Ice Form                 Ice/Tmut       0%         N/A       100%        4
 Petrify                  Tmut/Erth      0%         N/A       100%        4
 Summon Lightning Spire   Summ/Air       0%         N/A       100%        4
 Hydra Form               Tmut           0%         N/A       100%        5
 Metabolic Englaciation   Hex/Ice        0%         N/A       100%        5
 Silence                  Hex/Air        0%         N/A       100%        5
 Yara's Violent Unravell  Hex/Tmut       0%         3d3       100%        5
 Conjure Ball Lightning   Conj/Air       0%         3x3d6     100%        6
 Tornado                  Air            0%         N/A       100%        9


Dungeon Overview and Level Annotations

Branches:
Dungeon (7/15)             Temple (1/1) D:6

Altars:
Ashenzari
Dithmenos
Fedhas
Gozag
Hepliaklqana
Kikubaaqudgha
Nemelex Xobeh
Okawaru
Qazlal
Ru
Sif Muna
Trog
Uskayaw
Vehumet
Wu Jian
Xom
Zin
The Shining One

Shops:
D:1 :   D:3 (


Innate Abilities, Weirdness & Mutations

You have a pair of horns on your head.
You reflexively headbutt those who attack you in melee.


Message History

The troll bites you but does no damage. The troll claws you.
The troll closely misses you.
You barely miss the troll.
The troll is severely wounded.
The troll bites you but does no damage. The troll misses you.
You block the troll's attack. x2; The troll closely misses you.
You block the troll's attack.
You hit the troll.
The troll is severely wounded.
You block the troll's attack. The troll claws you!
You block the troll's attack.
Unknown command.
You are too injured to fight recklessly!
You are too injured to fight recklessly!
You closely miss the troll.
The troll is severely wounded.
You block the troll's attack. The troll closely misses you.
The troll claws you but does no damage.
You closely miss the troll.
The troll is severely wounded.
The troll barely misses you. You block the troll's attack.
The troll closely misses you.
You hit the troll but do no damage.
The troll is severely wounded.
You block the troll's attack. The troll claws you but does no damage.
The troll claws you. The troll bites you! The troll barely misses you.
The troll claws you!
* * * LOW HITPOINT WARNING * * *
You hit the troll but do no damage.
You headbutt the troll, but do no damage.
The troll is severely wounded.
The troll bites you.
* * * LOW HITPOINT WARNING * * *
The troll claws you!
* * * LOW HITPOINT WARNING * * *
The troll completely misses you.
You feel better. The troll bites you!
* * * LOW HITPOINT WARNING * * *
The troll barely misses you. The troll claws you!
You die...

#... #......##...#
#......##...#
#......##...# ###
#......##...# ##8##
#......##...# #...#
#......##...###...#
#......##...∩T@...#
###......##...###...#
.........##...# #...#
.........##..Z# ##8##
.....)........# ###
.........T....#
..............#
###...........#
#...........#


You could see a troll.

Vanquished Creatures
  Grinder (D:6)
  Edmund (D:6)
  An ice beast (D:6)
  2 black bears (D:5)
  2 sky beasts
  An ogre (D:6)
  A centaur (D:6)
  A phantom (D:5)
  A kobold brigand (D:7)
  Blork the orc (D:4)
  3 scorpions
  3 water moccasin skeletons
  9 wights
  4 killer bees (D:7)
  3 hounds
  6 jellies
  3 orc priests
  A centaur skeleton (D:7)
  Jessica (D:3)
  A bullfrog skeleton (D:5)
  Natasha (D:3)
  Terence (D:2)
  3 iguanas
  2 orc wizards
  2 hound skeletons
  3 gnolls (D:3)
  2 howler monkey skeletons (D:7)
  10 adders
  2 white imps (D:6)
  2 ufetubi
  4 worms
  2 dart slugs
  26 orcs
  7 bats
  6 endoplasms
  3 giant cockroaches
  6 goblins
  3 hobgoblins
  4 jackals (D:2)
  5 kobolds
  3 quokkas
  3 ball pythons
  4 rats
150 creatures vanquished.

Vanquished Creatures (others)
  A plant (D:4)
1 creature vanquished.

Grand Total: 151 creatures vanquished

Notes
Turn   | Place    | Note
-------+----------+-------------------------------------------
     0 | D:1      | leviel the Minotaur Fighter began the quest for the Orb.
     0 | D:1      | Reached XP level 1. HP: 19/19 MP: 0/0
   103 | D:1      | Found a faded altar of an unknown god.
   385 | D:1      | Reached XP level 2. HP: 27/27 MP: 1/1
   391 | D:1      | Found Adoan's Book Shoppe.
   397 | D:1      | You fall into a shaft and drop 1 floor!
   495 | D:2      | Noticed Terence
   507 | D:2      | Killed Terence
   508 | D:2      | Reached skill level 4 in Fighting
   508 | D:2      | Reached XP level 3. HP: 20/33 MP: 2/2
  1054 | D:2      | Reached XP level 4. HP: 36/40 MP: 3/3
  1317 | D:3      | Found Sesishrae's Antique Weapon Boutique.
  1376 | D:3      | Reached skill level 1 in Throwing
  1529 | D:3      | Found a broken altar of Ashenzari.
  1569 | D:2      | HP: 1/41 [orc/+0 war axe (8)]
  1984 | D:3      | Reached XP level 5. HP: 14/47 MP: 4/4
  1985 | D:3      | Reached skill level 1 in Dodging
  2403 | D:3      | Noticed Natasha
  2426 | D:3      | Killed Natasha
  2632 | D:3      | Noticed Jessica
  2644 | D:3      | Killed Jessica
  2645 | D:3      | Reached skill level 5 in Fighting
  2645 | D:3      | Reached skill level 5 in Armour
  2656 | D:3      | Found a shimmering blue altar of Sif Muna.
  2901 | D:3      | Found a glowing silver altar of Zin.
  2963 | D:4      | Reached XP level 6. HP: 39/56 MP: 5/5
  3145 | D:4      | Noticed Blork the orc
  3153 | D:4      | Killed Blork the orc
  3321 | D:4      | Reached skill level 6 in Fighting
  3321 | D:4      | Reached skill level 5 in Shields
  3321 | D:4      | Reached XP level 7. HP: 60/63 MP: 6/6
  3518 | D:4      | Identified a scroll of acquirement
  3518 | D:4      | Acquired 1104 gold pieces
  3743 | D:4      | Identified the ring of the Saviour {rC+ MP-9 Int+3 Dex+6
                  | SInv}
  3750 | D:5      | Entered Level 5 of the Dungeon
  4147 | D:5      | Reached skill level 5 in Axes
  4300 | D:5      | Identified the +2 whip "Egguism" {vorpal, *Noise Fly
                  | Dex+10}
  4325 | D:5      | Reached skill level 7 in Fighting
  4349 | D:5      | Reached XP level 8. HP: 70/73 MP: 0/7
  4758 | D:5      | Found a stormy altar of Qazlal.
  4758 | D:5      | Found a glowing golden altar of the Shining One.
  4758 | D:5      | Found a sacrificial altar of Ru.
  5822 | D:6      | Reached skill level 8 in Fighting
  6154 | D:6      | Noticed Grinder
  6167 | D:6      | Killed Grinder
  6225 | D:6      | Noticed Edmund
  6311 | D:6      | Killed Edmund
  6312 | D:6      | Reached XP level 9. HP: 45/82 MP: 0/8
  6516 | D:6      | Found a shadowy altar of Dithmenos.
  6558 | D:6      | Found a staircase to the Ecumenical Temple.
  6744 | Temple   | Entered the Ecumenical Temple
  6988 | Temple   | Became a worshipper of Warmaster Okawaru
  7052 | D:6      | Reached skill level 9 in Fighting
  7186 | D:6      | Reached skill level 1 in Evocations
  7352 | D:7      | Noticed a troll
  7517 | D:7      | Reached skill level 5 in Dodging
  7520 | D:7      | Found a shimmering altar of Xom.
  7776 | D:7      | Reached * piety under Okawaru
  8079 | D:7      | HP: 2/84 [troll (15)]
  8079 | D:7      | Mangled by a troll

Illustrated notes

Levels and vault maps discovered:
D:1:      mrwooster_arrival_statue_2, layout_loops_ring, serial_shops, shop,
          shapermc_ecumenical_altar_totnotflames, amethyst_killhole
D:2:      layout_rooms, uniq_terence
D:3:      layout_rooms, grunt_temple_overflow_open, tgw_sif, serial_shops,
          nicolae_shop_trees, uniq_natasha
D:4:      cheibrodos_old_hovel, layout_rooms, uniq_blork_the_orc
D:5:      layout_loops_cross, gammafunk_temple_overflow_claw
D:6:      layout_rooms, lemuel_tele_altar, temple_hall, minmay_hedge_maze,
          uniq_grinder, uniq_edmund
D:7:      layout_gridville, dk_xom_monty_hall, chequers_ossuary_entry_cave
Temple:   dpeg_chambers_temple

Skill      XL: |  1  2  3  4  5  6  7  8  9 |
---------------+----------------------------+-----
Armour         | 4 5 6 7 |  7.5
Fighting       | 4 5 6 7 8 9 |  9.5
Axes           | 3 4 5 6 |  6.8
Shields        | 4 5 6 7 |  7.2
Throwing       | 1 |  1.4
Dodging        | 1 2 3 4 5 |  5.2
Evocations     | 1 |  1.7

Action                   |  1- 3 |  4- 6 |  7- 9 || total
-------------------------+-------+-------+-------++-------
Melee: War axe           |    75 |   108 |   219 ||   402
       Headbutt          |    12 |    18 |    49 ||    79
Throw: Dart              |    15 |    41 |     4 ||    60
Evoke: Wand              |       |       |     3 ||     3
  Use: Scroll            |       |       |     8 ||     8
       Potion            |       |       |     4 ||     4
Armor: Scale mail        |    42 |    54 |    67 ||   163
Dodge: Dodged            |    29 |    37 |    95 ||   161
Block: Kite shield       |    40 |    72 |   164 ||   276

Table legend: (Time is in decaauts)
 A = Elapsed time spent in this place.
 B = Non-inter-level travel time spent in this place.
 C = Inter-level travel time spent in this place.
 D = Time resting spent in this place.
 E = Time spent auto-exploring this place.
 F = Levels seen in this place.
 G = Mean time per level.
                   A        B        C        D        E       F      G
               +--------+--------+--------+--------+--------+-----+--------+
         Total |   8263 |   7761 |    502 |   1765 |   4667 |   8 | 1032.9 |
       Dungeon |   8006 |   7542 |    464 |   1765 |   4449 |   7 | 1143.7 |
        Temple |    257 |    219 |     38 |      0 |    218 |   1 |  257.0 |
               +--------+--------+--------+--------+--------+-----+--------+

Top non-repeatable levels by time:
     D:6: 1580 daAuts
     D:5: 1406 daAuts
     D:2: 1387 daAuts
     D:3: 1304 daAuts
     D:1: 840 daAuts
     D:4: 836 daAuts
     D:7: 650 daAuts
  Temple: 257 daAuts
